 Dungeon Sprint DCSS version 0.29-a0-284-gf9362112df (webtiles) character file.

Game seed: 13790649827196998226

195309 mhtbhm the Conqueror (level 16, -22/274 HPs)
             Began as a Minotaur Berserker on Mar 26, 2022.
             Was the Champion of Trog.
             Annihilated by Antaeus (55 damage)
             ... in the Dungeon (Sprint III: "The Ten Rune Challenge") on Mar 27, 2022.
             The game lasted 00:30:50 (12106 turns).

mhtbhm the Conqueror (Minotaur Berserker)          Turns: 12106, Time: 00:30:51

Health: -22/274    AC: 35    Str: 28    XL:     16   Next: 55%
Magic:  15/15      EV: 14    Int: 15    God:    Trog [******]
Gold:   3316       SH:  5    Dex: 12    Spells: 15/15 levels left

rFire   + + .      SeeInvis .   i - +7 great mace (holy)
rCold   + + +      Faith    .   (shield currently unavailable)
rNeg    . . .      Spirit   .   O - +7 plate armour of the Devil's Advocate {Rampage Fly}
rPois   .          Reflect  +   l - +0 hat of the Eternal Void {Rampage Int+5}
rElec   +          Harm     .   J - +0 cloak of the Untouchables {rC+++}
rCorr   +          Rampage  +   (no gloves)
Will    +++..      NoTele   +   I - +2 pair of boots {Stlth+}
Stlth   ..........              T - amulet of reflection
HPRegen 0.55/turn               S - ring of Wicexkab {rElec rF++ rC+ Int+6}
MPRegen 0.14/turn               j - ring "Gyad" {Will+ rCorr}

@: mighty, berserking, frozen, flying, hasted, studying Shields, quick
A: horns 2, retaliatory headbutt, strong-willed 1, wild magic 1
}: 4/10 runes: decaying, barnacled, silver, demonic
a: Renounce Religion, Berserk, Trog's Hand, Brothers in Arms


You were in the Dungeon.
You worshipped Trog.
Trog was exalted by your worship.
You visited 1 branch You collected 5507 gold pieces.
You spent 2191 gold pieces at shops.

Inventory:

Hand Weapons
 a - the +4 lajatang "Joweh" {vorpal, Contam Str+4}
   (You found it in the Dungeon)

   It inflicts extra damage upon your enemies.
   Str:       It affects your strength (+4).
   Contam:    It causes magical contamination when unequipped.
 i - a +7 great mace of holy wrath (weapon)
 r - the +8 frozen axe "Frostbite" {freezing cloud, *Noise Fly rC+}
   (You found it in the Dungeon)

   It freezes those it strikes, dealing additional cold damage.
   It can also slow down cold-blooded creatures.
   It occasionally leaves clouds of freezing vapour upon striking a foe.
   It grants immunity to clouds of freezing vapour.
   rC:        It protects you from cold.
   Fly:       It grants you flight.
   *Noise:    It may make noises in combat.
 E - a +0 lajatang of speed
 F - a +5 lajatang of flaming
 H - the +7 hunting sling "Inacaz" {vorpal, Fragile rPois rF++ Str+2}
   (You found it in the Dungeon)

   Any ammunition fired from it inflicts extra damage upon your enemies.
   Str:       It affects your strength (+2).
   rF:        It greatly protects you from fire.
   rPois:     It protects you from poison.
   Fragile:   It will be destroyed if unequipped.
Missiles
 e - 5 javelins
 z - 5 curare-tipped darts (quivered)
 L - 32 stones
Armour
 b - the +8 chain mail of Kynnepatidgh {Will- Str+3 Int+4 Dex+2}
   (You bought it in a shop in the Dungeon)

   Str:       It affects your strength (+3).
   Int:       It affects your intelligence (+4).
   Dex:       It affects your dexterity (+2).
   Will:      It decreases your willpower.
 l - the +0 hat of the Eternal Void (worn) {Rampage Int+5}
   (You acquired it in the Dungeon)

   Int:       It affects your intelligence (+5).
   Rampage:   It bestows one free step when moving towards enemies.
 B - a +2 cloak of willpower
 I - a +2 pair of boots of stealth (worn)
 J - the +0 cloak of the Untouchables (worn) {rC+++}
   (You acquired it in the Dungeon)

   rC:        It renders you almost immune to cold.
 O - the +7 plate armour of the Devil's Advocate (worn) {Rampage Fly}
   (You bought it in a shop in the Dungeon)

   Fly:       It grants you flight.
   Rampage:   It bestows one free step when moving towards enemies.
 W - a +2 tower shield of reflection
Jewellery
 j - the ring "Gyad" (right hand) {Will+ rCorr}
   (You acquired it in the Dungeon)

   [ring of resist corrosion]

   rCorr:     It protects you from acid and corrosion.
   Will:      It increases your willpower.
 v - a ring of protection from fire
 S - the ring of Wicexkab (left hand) {rElec rF++ rC+ Int+6}
   (You took it off a deep elf master archer in the Dungeon)

   [ring of intelligence]

   Int:       It affects your intelligence (+6).
   rF:        It greatly protects you from fire.
   rC:        It protects you from cold.
   rElec:     It insulates you from electricity.
 T - an amulet of reflection (around neck)
Wands
 y - a wand of digging (2)
 D - a wand of iceblast (16)
 M - a wand of mindburst (20)
 U - a wand of charming (3)
Scrolls
 k - a scroll of torment
 n - a scroll of holy word
 o - 3 scrolls of immolation
 s - 5 scrolls of amnesia
 u - 6 scrolls of enchant armour
 R - a scroll of silence
Potions
 c - 8 potions of curing
 f - 2 potions of magic
 g - 3 potions of berserk rage
 m - 7 potions of flight
 p - 5 potions of mutation
 t - 3 potions of might
 x - 7 potions of resistance
 A - 4 potions of haste
 C - 2 potions of lignification
 G - 3 potions of attraction
 K - 2 potions of cancellation
 N - a potion of invisibility
Miscellaneous
 q - a tin of tremorstones (2/2)
 w - a lightning rod (4/4)
 P - the horn of Geryon
 V - a box of beasts
 X - a phantom mirror


   Skills:
 O Level 27 Fighting
 * Level 24.5(26.6) Axes
 + Level 10.1(25.0) Maces & Flails
 + Level 15.5(27) Polearms
 O Level 27 Staves
 O Level 27 Armour
 + Level 14.2 Dodging
 - Level 11.2 Stealth
 + Level 15.2 Shields
 + Level 16.1 Evocations


You had 15 spell levels left.
You didn't know any spells.
Your spell library was empty.

Dungeon Overview and Level Annotations

Branches:
Dungeon (1/1)

Altars:
Cheibriados
Dithmenos
Elyvilon
Fedhas
Gozag
Hepliaklqana
Kikubaaqudgha
Makhleb
Nemelex Xobeh
Okawaru
Qazlal
Ru
Sif Muna
Trog
Uskayaw
Vehumet
Wu Jian
Xom
Yredelemnul
Zin
The Shining One
Beogh
Jiyva
Lugonu

Shops:
D :(!::?[[[![?[:((=!!=[*

Annotations:
D Antaeus


Innate Abilities, Weirdness & Mutations

You have a pair of horns on your head.
You reflexively headbutt those who attack you in melee.
You are strong-willed. (Will+)
Your spells are a little harder to cast, but a little more powerful.


Message History

The bolt of lightning hits you! You resist. The bolt of lightning hits you!
You resist.
* * * LOW HITPOINT WARNING * * *
The bolt of lightning hits Antaeus.
Antaeus completely resists.
Antaeus blocks your attack.
Antaeus croaks, "Give up if wit thou hast!"
Antaeus is lightly wounded.
The ice encasing you melts away.
Unknown command.
Unknown command.
Antaeus blocks your attack.
Antaeus is lightly wounded.
Antaeus gestures at you. The flash freeze hits you!! You partially resist.
* * * LOW HITPOINT WARNING * * *
You are encased in ice.
Unknown command.
You sock Antaeus!
Antaeus convulses!!
You headbutt Antaeus, but do no damage.
Antaeus is moderately wounded.
Unknown command.
You sock Antaeus!
Antaeus convulses!
Antaeus is moderately wounded.
Unknown command.
Antaeus blocks your attack.
Antaeus is moderately wounded.
Antaeus gestures at you. The bolt of lightning hits you! You resist.
* * * LOW HITPOINT WARNING * * *
The bolt of lightning hits you! You resist.
* * * LOW HITPOINT WARNING * * *
The bolt of lightning hits Antaeus.
Antaeus completely resists.
Unknown command.
Antaeus blocks your attack.
Antaeus gurgles, "Go and return not, thou qualling hasty-witted erk!"
Antaeus blocks your attack.
Antaeus is moderately wounded.
You sock Antaeus!
Antaeus convulses.
Antaeus is moderately wounded.
Antaeus hits you!!!
You die...

▓..............))(...........'
▓...............))...........#
▓........=...................#
▓#######'#############+#######
###≈≈≈≈≈≈≈≈≈#*,,,*,,,,*,,,**
#['≈###≈≈####*,,,+,,,,+,,,**
####≈#(#≈≈'.# *,,,*,,,,*,,,**
#≈≈≈≈#'#≈≈####**+********+***
#≈≈≈≈≈≈≈≈≈≈C@# *,,,,,,,,,,* *
#≈≈≈≈###≈≈≈≈≈#**+************
##'#≈#,#≈≈####*,,,*,,,,,,,,**
#|#≈#+#≈≈'|# *,,,+,,,,,,,,**
###≈≈≈≈≈≈### *,,,*,,,,,,,,**
######## ***************


You could see Antaeus.

Vanquished Creatures
  the Serpent of Hell (D)
  Sojobo (D)
  Boris (D)
  A golden dragon (D)
  Geryon (D)
  An iron giant (D)
  A Brimstone Fiend (D)
  4 Ice Fiends (D)
  Nellie (D)
  2 liches (D)
  Rupert (D)
  A Hell Sentinel (D)
  A quicksilver dragon (D)
  Frances (D)
  A deep elf master archer (D)
  2 sphinxes (D)
  Gastronok (D)
  Chuck (D)
  A kraken (D)
  2 shadow dragons (D)
  Roxanne (D)
  Donald (D)
  4 azure jellies (D)
  2 fire giants (D)
  2 frost giants (D)
  An iron dragon (D)
  4 stone giants (D)
  4 war gargoyles (D)
  2 deep elf annihilators (D)
  Azrael (D)
  2 deep elf demonologists (D)
  2 dire elephants (D)
  Snorg (D)
  2 iron golems (D)
  2 deep elf death magi (D)
  8 mummy priests (D)
  A fire dragon (D)
  2 yaktaur captains (D)
  16 vault guards (D)
  3 hydras (D)
  2 hell beasts (D)
  An ogre mage (D)
  4 ice dragons (D)
  2 iron elementals (D)
  4 alligator snapping turtles (D)
  3 centaur warriors (D)
  4 death yaks (D)
  4 dancing weapons (D)
  2 orc high priests (D)
  Urug (D)
  A titan zombie (D)
  4 hell knights (D)
  2 sun demons (D)
  2 soul eaters (D)
  An anaconda zombie (D)
  3 skeletal warriors (D)
  A death drake (D)
  3 kraken simulacra (D)
  2 obsidian statues (D)
  A lindwurm (D)
  3 deep elf zephyrmancers (D)
  3 deep elf pyromancers (D)
  2 oklob plants (D)
  4 crystal guardians (D)
  4 ugly things (D)
  2 elephants (D)
  4 statues (D)
  2 black mambas (D)
  A water nymph (shapeshifter) (D)
  3 rust devils (D)
  A rime drake (D)
  2 cane toads (D)
  A komodo dragon (D)
  2 anaconda simulacra (D)
  An unseen horror (D)
  12 yaktaurs (D)
  2 ice devils (D)
  6 guardian mummies (D)
  4 spriggan defenders (D)
  A merfolk (shapeshifter) (D)
  A queen bee (D)
  8 blink frogs (D)
  7 slime creatures (D)
  2 tyrant leeches (D)
  2 snapping turtles (D)
  3 wandering mushrooms (D)
  A snapping turtle (shapeshifter) (D)
  A shadow (D)
  3 redbacks (D)
  A spatial vortex (D)
  5 hydra simulacra (D)
  A fire dragon simulacrum (D)
  A swamp drake (D)
  2 orc warriors (D)
  2 centaurs (D)
  An earth elemental (D)
  A necrophage (D)
  A water elemental (D)
  32 killer bees (D)
  An electric eel (D)
  A jelly (D)
  9 orc priests (D)
  Crazy Yiuf (D)
  An orc wizard (D)
  A wizard (D)
  2 necromancers (D)
  2 wolf simulacra (D)
  3 humans (D)
  A kobold demonologist (D)
  2 swamp drake simulacra (D)
  8 orcs (D)
  An endoplasm (D)
  3 rats (D)
  8 butterflies (D)
  2 plants (D)
  5 tentacles (D)
320 creatures vanquished.

Vanquished Creatures (collateral kills)
  An ugly thing (D)
1 creature vanquished.

Vanquished Creatures (others)
  A bush (D)
  2 fungi (D)
  24 plants (D)
  11 tentacles (D)
38 creatures vanquished.

Grand Total: 359 creatures vanquished

Notes
Turn   | Place    | Note
-------+----------+-------------------------------------------
     0 | D        | mhtbhm the Minotaur Berserker began the quest for the Orb.
     0 | D        | Reached XP level 1. HP: 19/19 MP: 0/0
    37 | D        | Reached ** piety under Trog
    99 | D        | Noticed Crazy Yiuf
   108 | D        | Reached skill level 5 in Fighting
   108 | D        | Reached skill level 5 in Polearms
   108 | D        | Reached XP level 2. HP: 19/29 MP: 1/1
   109 | D        | Killed Crazy Yiuf
   110 | D        | Reached XP level 3. HP: 24/37 MP: 2/2
   363 | D        | Noticed a water elemental
   366 | D        | Killed a water elemental
   367 | D        | Reached skill level 1 in Stealth
   367 | D        | Reached XP level 4. HP: 47/47 MP: 3/3
   435 | D        | Found a basalt altar of Yredelemnul.
   435 | D        | Found a shadowy altar of Dithmenos.
   435 | D        | Found a sacrificial altar of Ru.
   435 | D        | Noticed a necrophage
   443 | D        | Killed a necrophage
   443 | D        | Reached *** piety under Trog
   444 | D        | Reached skill level 1 in Staves
   444 | D        | Reached XP level 5. HP: 39/53 MP: 4/4
   530 | D        | Found a hide-covered altar of Uskayaw.
   530 | D        | Found an iron altar of Okawaru.
   530 | D        | Found a bloodstained altar of Trog.
   530 | D        | Found an ornate altar of the Wu Jian Council.
   530 | D        | Noticed a human
   532 | D        | Noticed a human
   537 | D        | Killed a human
   538 | D        | Reached skill level 10 in Polearms
   538 | D        | Reached XP level 6. HP: 66/66 MP: 5/5
   541 | D        | Killed a human
   541 | D        | Reached **** piety under Trog
   542 | D        | Reached skill level 10 in Fighting
   542 | D        | Reached skill level 5 in Armour
   668 | D        | Found a radiant altar of Vehumet.
   668 | D        | Found a shimmering blue altar of Sif Muna.
   668 | D        | Found an ancient bone altar of Kikubaaqudgha.
   672 | D        | Reached skill level 5 in Staves
   699 | D        | Found a glowing silver altar of Zin.
   699 | D        | Found a glowing golden altar of the Shining One.
   699 | D        | Found a white marble altar of Elyvilon.
   700 | D        | Noticed a deep elf pyromancer
   707 | D        | Killed a deep elf pyromancer
   708 | D        | Reached skill level 5 in Dodging
   708 | D        | Reached XP level 7. HP: 75/75 MP: 6/6
   822 | D        | Reached ***** piety under Trog
   826 | D        | Noticed a shadow
   828 | D        | Killed a shadow
   829 | D        | Reached XP level 8. HP: 83/83 MP: 7/7
   834 | D        | Found a blossoming altar of Fedhas.
   834 | D        | Found a stormy altar of Qazlal.
   834 | D        | Found a snail-covered altar of Cheibriados.
   834 | D        | Found a burning altar of Makhleb.
   834 | D        | Found a shimmering altar of Xom.
   835 | D        | Found a hazy altar of Hepliaklqana.
   835 | D        | Found an opulent altar of Gozag.
   835 | D        | Found a sparkling altar of Nemelex Xobeh.
   835 | D        | Found a corrupted altar of Lugonu.
   835 | D        | Found a viscous altar of Jiyva.
   839 | D        | Received a gift from Trog
   859 | D        | Noticed Snorg
   928 | D        | Killed Snorg
   929 | D        | Reached skill level 10 in Staves
  1176 | D        | Noticed a centaur warrior
  1180 | D        | Reached XP level 9. HP: 93/93 MP: 8/8
  1185 | D        | Killed a centaur warrior
  1186 | D        | Reached skill level 15 in Polearms
  1237 | D        | Killed an unseen horror
  1260 | D        | Noticed a wandering mushroom
  1264 | D        | Noticed a wandering mushroom
  1266 | D        | Noticed a wandering mushroom
  1313 | D        | Received a gift from Trog
  1332 | D        | Noticed a cane toad
  1332 | D        | Noticed a komodo dragon
  1332 | D        | Noticed a cane toad
  1337 | D        | Killed a cane toad
  1339 | D        | Killed a cane toad
  1344 | D        | Killed a komodo dragon
  1345 | D        | Reached XP level 10. HP: 104/104 MP: 9/9
  1408 | D        | Reached skill level 15 in Fighting
  1408 | D        | Reached skill level 5 in Stealth
  1423 | D        | Reached skill level 15 in Staves
  1473 | D        | Noticed a lindwurm
  1478 | D        | Killed a lindwurm
  1479 | D        | Reached ****** piety under Trog
  1479 | D        | Received a gift from Trog
  1480 | D        | Reached skill level 1 in Evocations
  1487 | D        | Noticed Urug
  1491 | D        | Killed Urug
  1511 | D        | Noticed a six-headed hydra
  1511 | D        | Noticed a four-headed hydra
  1521 | D        | Killed a three-headed hydra
  1524 | D        | Killed a one-headed hydra
  1565 | D        | Noticed a death drake
  1576 | D        | Killed a death drake
  1676 | D        | Noticed an ice dragon
  1695 | D        | Killed an ice dragon
  1696 | D        | Reached XP level 11. HP: 112/116 MP: 10/10
  1702 | D        | Noticed an ice dragon
  1702 | D        | Noticed an ice dragon
  1710 | D        | Received a gift from Trog
  1724 | D        | Killed an ice dragon
  1801 | D        | Noticed an ice dragon
  1807 | D        | Killed an ice dragon
  1840 | D        | Found Dyif's Book Emporium.
  1840 | D        | Found Ulupnao's Magic Scroll Shop.
  1840 | D        | Found Erosinech's Antique Armour Shoppe.
  1859 | D        | Noticed an eight-headed hydra
  1868 | D        | Killed an ice dragon
  1869 | D        | Reached skill level 10 in Dodging
  1872 | D        | Killed a five-headed hydra
  1918 | D        | Got a decaying rune of Zot
  2378 | D        | Received a gift from Trog
  2457 | D        | Found Diaminy's Book Boutique.
  2462 | D        | Received a gift from Trog
  2462 | D        | Noticed an orc high priest
  2465 | D        | Killed an orc high priest
  2471 | D        | Received a gift from Trog
  2583 | D        | Noticed a deep elf zephyrmancer
  2583 | D        | Noticed a deep elf pyromancer
  2583 | D        | Noticed a deep elf zephyrmancer
  2583 | D        | Noticed a deep elf pyromancer
  2583 | D        | Noticed a deep elf zephyrmancer
  2592 | D        | Killed a deep elf pyromancer
  2595 | D        | Killed a deep elf pyromancer
  2596 | D        | Noticed a deep elf annihilator
  2599 | D        | Killed a deep elf zephyrmancer
  2599 | D        | Received a gift from Trog
  2601 | D        | Killed a deep elf zephyrmancer
  2602 | D        | Killed a deep elf zephyrmancer
  2705 | D        | Noticed Donald
  2705 | D        | Noticed Frances
  2719 | D        | Killed Donald
  2720 | D        | Reached XP level 12. HP: 126/130 MP: 11/11
  2726 | D        | Killed Frances
  2726 | D        | Received a gift from Trog
  2914 | D        | Found Ses Vakh's Antique Weapon Emporium.
  2914 | D        | Found Weoll's Distillery.
  2914 | D        | Found Gull's Assorted Antiques.
  2914 | D        | Found Punluokua's Weapon Boutique.
  2914 | D        | Found Rodghasch's Jewellery Emporium.
  2914 | D        | Found Ruj Foas's Antique Armour Shop.
  2914 | D        | Found Soker's Jewellery Emporium.
  2914 | D        | Found Huwife's Distillery.
  2915 | D        | Found Petseffy's Book Boutique.
  2915 | D        | Found Roihodeo's Antique Armour Shoppe.
  2915 | D        | Found Ilithuom's Magic Scroll Emporium.
  2957 | D        | Bought a masterwork chain mail for 218 gold pieces
  2957 | D        | Identified the +8 chain mail of Kynnepatidgh {Will- Str+3
                  | Int+4 Dex+2} (You bought it in a shop in the Dungeon)
  2964 | D        | Bought a scroll of enchant weapon for 82 gold pieces
  2971 | D        | Bought a potion of heal wounds for 50 gold pieces
  2971 | D        | Bought a potion of heal wounds for 50 gold pieces
  2971 | D        | Bought a potion of might for 40 gold pieces
  2971 | D        | Bought a potion of curing for 30 gold pieces
  2973 | D        | Bought a runed cloak for 135 gold pieces
  2984 | D        | Bought a scroll labelled FEFU BUYNUACI for 27 gold pieces
  2984 | D        | Bought a scroll labelled FEFU BUYNUACI for 27 gold pieces
  2992 | D        | Bought a scroll of identify for 22 gold pieces
  2992 | D        | Bought a scroll of identify for 22 gold pieces
  2992 | D        | Bought a scroll of identify for 22 gold pieces
  3003 | D        | Bought an amethyst potion for 24 gold pieces
  3013 | D        | Bought a potion of resistance for 130 gold pieces
  3055 | D        | Received a gift from Trog
  3231 | D        | Reached skill level 10 in Armour
  3242 | D        | Noticed a centaur warrior
  3245 | D        | Killed a centaur warrior
  3296 | D        | Noticed a fire dragon
  3303 | D        | Killed a fire dragon
  3392 | D        | Received a gift from Trog
  3460 | D        | Identified the +4 lajatang "Joweh" {vorpal, Contam Str+4}
  3635 | D        | Noticed a yaktaur captain
  3693 | D        | Killed a yaktaur captain
  3990 | D        | Noticed an iron golem
  4004 | D        | Killed an iron golem
  4004 | D        | Received a gift from Trog
  4321 | D        | Reached XP level 13. HP: 146/146 MP: 12/12
  4325 | D        | Received a gift from Trog
  4528 | D        | Noticed a lich
  4534 | D        | Killed a lich
  4541 | D        | Identified the +7 hunting sling "Inacaz" {vorpal, Fragile
                  | rPois rF++ Str+2}
  4699 | D        | Received a gift from Trog
  4699 | D        | Received a gift from Trog
  4708 | D        | Received a gift from Trog
  4710 | D        | Received a gift from Trog
  4887 | D        | Reached skill level 15 in Armour
  4940 | D        | Noticed Rupert
  4944 | D        | Killed Rupert
  4988 | D        | Noticed a dire elephant
  4988 | D        | Noticed a dire elephant
  4988 | D        | Noticed Gastronok
  4995 | D        | Killed a dire elephant
  4995 | D        | Received a gift from Trog
  5001 | D        | Killed a dire elephant
  5008 | D        | Killed Gastronok
  5122 | D        | Noticed an azure jelly
  5122 | D        | Noticed an azure jelly
  5122 | D        | Noticed an azure jelly
  5123 | D        | Noticed an azure jelly
  5131 | D        | Killed an azure jelly
  5136 | D        | Killed an azure jelly
  5141 | D        | Killed an azure jelly
  5141 | D        | Identified the +10 quarterstaff of Tiublabb {vorpal, Dex+2}
                  | (Trog gifted it to you in the Dungeon)
  5141 | D        | Received a gift from Trog
  5145 | D        | Killed an azure jelly
  5248 | D        | Received a gift from Trog
  5430 | D        | Noticed a kraken
  5443 | D        | Killed a kraken
  5498 | D        | Reached XP level 14. HP: 159/162 MP: 13/13
  5976 | D        | Found Leodghad's Distillery.
  5976 | D        | Found Jolav's Antique Weapon Boutique.
  5976 | D        | Found Nozim's Book Shoppe.
  5993 | D        | Got a barnacled rune of Zot
  5997 | D        | Bought a potion of heal wounds for 50 gold pieces
  5997 | D        | Bought a potion of heal wounds for 50 gold pieces
  6155 | D        | Received a gift from Trog
  6421 | D        | Paralysed by an air elemental for 1 turns
  6499 | D        | Received a gift from Trog
  6554 | D        | Noticed Boris
  6571 | D        | Killed Boris
  6574 | D        | Received a gift from Trog
  6646 | D        | Found Xoedwiaj's Armour Emporium.
  6646 | D        | Found Xoomno's Distillery.
  6646 | D        | Found Nasiutosm's Armour Shop.
  6646 | D        | Found Piletzirgh's Armour Shoppe.
  6656 | D        | Reached skill level 27 in Fighting
  6676 | D        | Bought a potion of might for 40 gold pieces
  6676 | D        | Bought a potion of curing for 30 gold pieces
  6676 | D        | Bought a potion of invisibility for 80 gold pieces
  6678 | D        | Bought the +7 plate armour of the Devil's Advocate {Rampage
                  | Fly} for 671 gold pieces
  6895 | D        | Noticed Azrael
  6902 | D        | Killed Azrael
  6903 | D        | Reached skill level 10 in Stealth
  7134 | D        | Acquired 1052 gold pieces
  7165 | D        | Bought a potion of resistance for 100 gold pieces
  7169 | D        | Bought a potion of might for 52 gold pieces
  7169 | D        | Bought a potion of cancellation for 104 gold pieces
  7172 | D        | Bought a runed sapphire ring for 135 gold pieces
  7270 | D        | Received a gift from Trog
  7378 | D        | Identified the +1 plate armour of Darkness {Will+ Regen+
                  | Str-3}
  7378 | D        | Identified the ring of Wicexkab {rElec rF++ rC+ Int+6}
  7378 | D        | Noticed a deep elf master archer
  7387 | D        | Noticed a Brimstone Fiend
  7390 | D        | Killed a deep elf master archer
  7398 | D        | Reached skill level 5 in Evocations
  7642 | D        | Identified the +0 robe of Duck's Teeth {+Inv Str+9 Int-5
                  | Dex+2}
  7644 | D        | Identified the +5 trident of the Devouring Badger {vorpal,
                  | rF+ Str+4}
  7645 | D        | Identified the ring "Firph" {Ice +Blink Str+3}
  7773 | D        | Acquired the +0 cloak of the Untouchables {rC+++}
  7821 | D        | Noticed Chuck
  7830 | D        | Killed Chuck
  7831 | D        | Reached skill level 27 in Staves
  7864 | D        | Received a gift from Trog
  7890 | D        | Noticed Sojobo
  7902 | D        | Killed Sojobo
  7977 | D        | Noticed a lich
  7983 | D        | Killed a lich
  7983 | D        | Received a gift from Trog
  7984 | D        | Reached skill level 1 in Shields
  8088 | D        | Noticed a shadow dragon
  8088 | D        | Noticed a shadow dragon
  8100 | D        | Killed a shadow dragon
  8103 | D        | Killed a shadow dragon
  8106 | D        | Received a gift from Trog
  8210 | D        | Noticed a quicksilver dragon
  8210 | D        | Noticed a frost giant
  8210 | D        | Noticed a fire giant
  8210 | D        | Noticed a frost giant
  8210 | D        | Noticed a stone giant
  8210 | D        | Noticed a stone giant
  8210 | D        | Noticed a fire giant
  8211 | D        | Noticed a golden dragon
  8218 | D        | Reached XP level 15. HP: 133/174 MP: 14/14
  8218 | D        | Received a gift from Trog
  8220 | D        | Killed a frost giant
  8220 | D        | Received a gift from Trog
  8221 | D        | Reached skill level 5 in Shields
  8222 | D        | Killed a fire giant
  8224 | D        | Reached skill level 27 in Armour
  8224 | D        | Received a gift from Trog
  8224 | D        | Killed a quicksilver dragon
  8225 | D        | Reached skill level 10 in Evocations
  8225 | D        | Killed a fire giant
  8230 | D        | Killed a frost giant
  8236 | D        | Killed a golden dragon
  8237 | D        | Received a gift from Trog
  8246 | D        | Reached skill level 10 in Shields
  8298 | D        | Found the +8 frozen axe "Frostbite" {freezing cloud, *Noise
                  | Fly rC+}
  8321 | D        | Got a silver rune of Zot
  8353 | D        | Identified the +1 robe "Mov Hime" {Rampage +Inv rPois}
  8546 | D        | Noticed Nellie
  8560 | D        | Killed Nellie
  8560 | D        | Received a gift from Trog
  8571 | D        | Got a demonic rune of Zot
  8760 | D        | Noticed a sphinx
  8762 | D        | Noticed a sphinx
  8768 | D        | Killed a sphinx
  8769 | D        | Reached skill level 15 in Evocations
  8776 | D        | Received a gift from Trog
  8777 | D        | Killed a sphinx
  9112 | D        | Gained mutation: You do not regenerate when monsters are
                  | visible. [mutagenic glow]
  9176 | D        | Lost mutation: You do not regenerate when monsters are
                  | visible. [potion of mutation]
  9176 | D        | Gained mutation: You are strong-willed. (Will+) [potion of
                  | mutation]
  9176 | D        | Gained mutation: Your spells are a little harder to cast,
                  | but a little more powerful. [potion of mutation]
  9366 | D        | Received a gift from Trog
  9381 | D        | Reached skill level 5 in Maces & Flails
  9792 | D        | Received a gift from Trog
  9980 | D        | Noticed Roxanne
  9990 | D        | Killed Roxanne
 10127 | D        | Received a gift from Trog
 10128 | D        | Reached skill level 5 in Axes
 10134 | D        | Received a gift from Trog
 10176 | D        | Acquired the +0 hat of the Eternal Void {Rampage Int+5}
 10192 | D        | Acquired the ring "Gyad" {Will+ rCorr}
 10209 | D        | Noticed Geryon
 10216 | D        | Reached skill level 10 in Axes
 10216 | D        | Received a gift from Trog
 10218 | D        | Reached XP level 16. HP: 183/183 MP: 15/15
 10229 | D        | Killed Geryon
 10450 | D        | Noticed an iron giant
 10456 | D        | Reached skill level 15 in Axes
 10459 | D        | Received a gift from Trog
 10461 | D        | Killed an iron giant
 11046 | D        | Noticed a Hell Sentinel
 11053 | D        | Killed a Hell Sentinel
 11056 | D        | Identified the +5 scale mail "Ugaep" {rN+}
 11056 | D        | Identified the +0 hat of Dice, Bag, and Bottle {rPois
                  | Slay+5}
 11137 | D        | Noticed the Serpent of Hell
 11152 | D        | Noticed a shadow dragon
 11153 | D        | Killed the Serpent of Hell
 11153 | D        | Identified the +10 hand axe "Qeshroho" {vorpal, rF++ Will-}
                  | (Trog gifted it to you in the Dungeon)
 11153 | D        | Received a gift from Trog
 11171 | D        | Noticed a Brimstone Fiend
 11180 | D        | Killed a Brimstone Fiend
 11590 | D        | Noticed an Ice Fiend
 11596 | D        | Killed an Ice Fiend
 11597 | D        | Reached skill level 15 in Shields
 11697 | D        | Noticed an Ice Fiend
 11698 | D        | Killed an Ice Fiend
 11724 | D        | Noticed an Ice Fiend
 11732 | D        | Killed an Ice Fiend
 12065 | D        | Noticed an Ice Fiend
 12068 | D        | Killed an Ice Fiend
 12069 | D        | Reached skill level 10 in Maces & Flails
 12079 | D        | Noticed Antaeus
 12106 | D        | Annihilated by Antaeus

Illustrated notes

Levels and vault maps discovered:
D:        dungeon_sprint_mu [sprint_mu_entry_cave, sprint_mu_temple_rooms,
          sprint_mu_d1_horrors, sprint_mu_d2_genie, sprint_mu_d3_branching,
          sprint_mu_orc_legion, sprint_mu_elf_gauntlet, sprint_mu_hive_nellie,
          sprint_mu_lair_fedhas, sprint_mu_vaults_butterflies,
          sprint_mu_slime_circle, sprint_mu_swamp_cave, sprint_mu_shoals_kraken,
          sprint_mu_blade_basic, sprint_mu_crypt_fortress,
          sprint_mu_tomb_spiral, sprint_mu_vestibule_basic,
          sprint_mu_gehenna_hellfire, sprint_mu_dis_giant,
          sprint_mu_tartarus_statrot, sprint_mu_cocytus_islands, sprint_mu_zot1]

Skill      XL: |  1  2  3  4  5  6  7  8  9 10 11 12 13 14 15 16 |
---------------+-------------------------------------------------+-----
Fighting       | 5 6 7 8 9 11 12 13 14 16 19 22 25 27 | 27.0
Polearms       | 5 6 8 9 10 13 14 15 | 15.5
Armour         | 3 4 5 6 7 9 13 18 25 27 | 27.0
Dodging        | 3 4 5 6 7 9 10 11 12 13 14 | 14.2
Stealth        | 1 2 3 4 6 8 9 11 | 11.2
Staves         | 1 3 7 8 10 14 17 20 22 24 27 | 27.0
Evocations     | 1 2 4 6 16 | 16.1
Shields        | 4 14 15 | 15.2
Maces & Flails | 9 10 | 10.1
Axes           | 12 24 | 24.5

Action                   |  1- 3 |  4- 6 |  7- 9 | 10-12 | 13-15 | 16-18 || total
-------------------------+-------+-------+-------+-------+-------+-------++-------
Melee: Spear             |    22 |       |       |       |       |       ||    22
       Headbutt          |     3 |     5 |    12 |    59 |   118 |    29 ||   226
       Quarterstaff      |     2 |    25 |    43 |       |       |       ||    70
       Lajatang          |       |       |     9 |   218 |   353 |       ||   580
       Great mace        |       |       |       |       |    30 |    39 ||    69
       Executioner's axe |       |       |       |       |    26 |    74 ||   100
Throw: Dart              |       |       |       |       |       |     2 ||     2
Invok: Berserk           |     2 |     2 |     4 |    13 |    18 |     6 ||    45
       Brothers in Arms  |       |       |       |     2 |       |     2 ||     4
Evoke: Tin of tremorston |       |       |     1 |     2 |    11 |       ||    14
       Wand              |       |       |       |     2 |     3 |       ||     5
       Lightning rod     |       |       |       |       |     8 |       ||     8
  Use: Potion            |       |       |     1 |     1 |     4 |     7 ||    13
       Scroll            |       |       |       |     7 |     8 |     2 ||    17
 Stab: Sleeping          |     1 |       |       |     5 |     1 |       ||     7
       Distracted        |       |       |       |     1 |     3 |     1 ||     5
Armor: Animal skin       |     1 |       |       |       |       |       ||     1
       Robe              |       |     3 |     3 |       |       |       ||     6
       Troll leather arm |       |       |     8 |    19 |       |       ||    27
       Ice dragon scales |       |       |       |    12 |       |       ||    12
       Chain mail        |       |       |       |    33 |   132 |       ||   165
       Plate armour      |       |       |       |       |    88 |    75 ||   163
Dodge: Dodged            |     8 |     6 |    32 |    70 |   181 |    62 ||   359
Block: Other             |       |       |       |       |    26 |    15 ||    41

Table legend: (Time is in decaauts) A = Elapsed time spent in this place. B = Non-inter-level travel time spent in this place. C = Inter-level travel time spent in this place. D = Time resting spent in this place. E = Time spent auto-exploring this place. F = Levels seen in this place. G = Mean time per level. A B C D E F G +--------+--------+--------+--------+--------+-----+--------+ Total | 12335 | 12133 | 202 | 7786 | 251 | 1 | 12335.0 | Dungeon | 12335 | 12133 | 202 | 7786 | 251 | 1 | 12335.0 | +--------+--------+--------+--------+--------+-----+--------+

Top non-repeatable levels by time:
       D: 12335 daAuts
